 Dungeon Crawl Stone Soup version 0.31.0-11-ge490571c62 (webtiles) character file.

Game seed: 7880420075113833551

170 groovy9 the Slasher (level 5, 0/48 HPs)
             Began as a Minotaur Fighter on Jan 26, 2024.
             Succumbed to a gnoll sergeant's poison
             ... on level 2 of the Dungeon.
             The game lasted 00:03:17 (1076 turns).

groovy9 the Slasher (Minotaur Fighter)              Turns: 1076, Time: 00:03:17

Health: 0/48       AC:  9    Str: 20    XL:     5   Next: 25%
Magic:  4/4        EV:  7    Int:  5    God:
Gold:   73         SH:  4    Dex: 12    Spells: 4/4 levels left

rFire   . . .        a - +0 long sword
rCold   . . .        c - +0 buckler
rNeg    . . .        f - +0 chain mail
rPois   .            (helmet restricted)
rElec   .            (no cloak)
rCorr   .            (no gloves)
SInv    .            (no boots)
Will    .....        (no amulet) Stlth
                     (no ring)
HPRegen 0.28/turn    (no ring)
MPRegen 0.09/turn

%: no passive effects
@: brilliant, lethally poisoned (0 -> -1), attractive, hasted (expiring), very
quick
A: horns 2, retaliatory headbutt
a: no special abilities


You were on level 2 of the Dungeon.
You visited 1 branch of the dungeon, and saw 2 of its levels.

You collected 73 gold pieces.

Inventory:

Hand Weapons
 a - a +0 long sword (weapon)
Armour
 c - a +0 buckler (worn)
 f - a +0 chain mail (worn)
Scrolls
 b - a scroll of teleportation {unknown}
 i - a scroll of enchant weapon {unknown}


   Skills:
 + Level 5.1 Fighting
 * Level 5.6 Long Blades
 - Level 3.6 Armour
 - Level 3.6 Shields


You had 4 spell levels left.
You didn't know any spells.
Your spell library was empty.

Dungeon Overview and Level Annotations

Branches:
Dungeon (2/15)

Altars:


Innate Abilities, Weirdness & Mutations

You have a pair of horns on your head.
You reflexively headbutt those who attack you in melee.


Message History

You feel very sick.
Your Fighting skill increases to level 5!
Your Long Blades skill increases to level 5!
You have reached level 5!
You feel sick.
You feel sick.
You feel sick.
You slash the gnoll!
The gnoll is heavily wounded.
You feel sick. The gnoll hits you with a +0 spear!
* * * LOW HITPOINT WARNING * * *
You hit the gnoll.
The gnoll is severely wounded.
* * * LOW HITPOINT WARNING * * *
You feel sick. You block the gnoll's attack.
You closely miss the gnoll.
The gnoll is severely wounded.
* * * LOW HITPOINT WARNING * * *
You feel sick.
You slash the gnoll!
You kill the gnoll!
* * * LOW HITPOINT WARNING * * *
You feel sick.
You hit the gnoll.
The gnoll is moderately wounded.
* * * LOW HITPOINT WARNING * * *
You feel sick. The gnoll hits you but does no damage.
You slash the gnoll!
You kill the gnoll!
* * * LOW HITPOINT WARNING * * *
You feel sick.
It was a potion of attraction.
You feel attractive to monsters.
Okay, then.
* * * LOW HITPOINT WARNING * * *
You feel sick.
Your extra speed is starting to run out.
* * * LOW HITPOINT WARNING * * *
You feel sick.
You die...

###.#.##.#..#.# ♣.♣..)♣ #.
.........#..#.#### ♣.....♣ #.
###............(.## ♣...♣ #.
#......#.##.......# ♣))g♣ ##
#......# ##.......# ♣♣g♣♣ #
#####.#####.......###♣g♣### #
#.......#'##'##.##g##.## #
#########.##.##........######
####.##@##.............#
#....##)##.......##....#
#...†##)#####....###...#
#....+......g....###...#
#....##.....#.#....#...#
#....###................
#....###'##........)..##
#..........##.#....##.##
####.......+..#....##.##


There were no monsters in sight!

Vanquished Creatures
  A gnoll sergeant (D:2)
  7 gnolls (D:2)
  An adder (D:2)
  A dart slug (D:1)
  A ribbon worm (D:2)
  2 ball pythons (D:1)
  An endoplasm (D:2)
  2 giant cockroaches
  4 goblins
  2 hobgoblins (D:1)
  3 jackals (D:2)
  2 quokkas
  A bat (D:1)
  2 frilled lizards
  4 kobolds (D:1)
  4 rats
38 creatures vanquished.

Notes
Turn   | Place    | Note
-------+----------+-------------------------------------------
     0 | D:1      | groovy9 the Minotaur Fighter began the quest for the Orb.
     0 | D:1      | Reached XP level 1. HP: 19/19 MP: 0/0
   119 | D:1      | Reached XP level 2. HP: 27/27 MP: 1/1
   338 | D:1      | Found a faded altar of an unknown god.
   699 | D:2      | Reached XP level 3. HP: 33/33 MP: 2/2
   887 | D:2      | Reached XP level 4. HP: 4/41 MP: 3/3
  1026 | D:2      | Noticed a gnoll sergeant
  1062 | D:2      | Killed a gnoll sergeant
  1063 | D:2      | Reached skill level 5 in Fighting
  1063 | D:2      | Reached skill level 5 in Long Blades
  1063 | D:2      | Reached XP level 5. HP: 20/48 MP: 4/4
  1071 | D:2      | HP: 2/48 [poisoned by a gnoll sergeant]
  1076 | D:2      | Succumbed to a gnoll sergeant's poison

Illustrated notes

Levels and vault maps discovered:
D:1:      heliophobic_arrival_henge, layout_basic,
          shapermc_ecumenical_altar_pompeii
D:2:      layout_basic, pf_guarded_unrand_woodcutter

Skill      XL: |  1  2  3  4 |
---------------+-------------+-----
Long Blades    | 3 4 5 |  5.6
Fighting       | 4 5 |  5.1
Armour         | |  3.6
Shields        | |  3.6

Action                     |  1- 3 |  4- 6 || total
---------------------------+-------+-------++-------
  Melee: Long sword        |    79 |    20 ||    99
         Headbutt          |    16 |     2 ||    18
    Use: Potion            |     1 |     4 ||     5
 Armour: Scale mail        |    33 |       ||    33
         Chain mail        |    26 |    11 ||    37
  Dodge: Dodged            |    25 |     5 ||    30
  Block: Buckler           |    19 |     6 ||    25
